 Dungeon Crawl Stone Soup version 0.20.1-1-g8b1a95d (webtiles) character file.

509 kyle53 the Slasher (level 7, -2/60 HPs)
             Began as a Hill Orc Fighter on Oct 29, 2017.
             Was a Believer of Vehumet.
             Slain by dengdeng's ghost (4 damage)
             ... on level 4 of the Dungeon.
             The game lasted 00:34:12 (3506 turns).

kyle53 the Slasher (Hill Orc Fighter)               Turns: 3506, Time: 00:34:12

Health: -2/60      AC:  3    Str: 20    XL:     7   Next: 19%
Magic:  19/19      EV:  9    Int:  9    God:    Vehumet [**....]
Gold:   188        SH:  9    Dex: 10    Spells: 8/10 levels left

rFire    . . .     SeeInvis .   a - +1 long sword
rCold    . . .     Gourm    .   c - +0 shield
rNeg     . . .     Faith    .   Y - +0 robe
rPois    .         Spirit   .   F - +1 hat
rElec    .         Reflect  .   (no cloak)
rCorr    .         Harm     .   (no gloves)
MR       .....                  (no boots)
Stlth    +.........             (no amulet)
Regen    0.2/turn               o - ring of magical power
MPRegen  0.2/turn               (no ring)

@: no status effects
A: no striking features
a: Renounce Religion


You were on level 4 of the Dungeon.
You worshipped Vehumet.
Vehumet was pleased with you.
You were not hungry.

You visited 1 branch of the dungeon, and saw 4 of its levels.

You collected 188 gold pieces.

Inventory:

Hand Weapons
 a - a +1 long sword (weapon)
 l - a +0 dagger
 n - a +0 club
 u - a +0 club
 v - a +0 dagger
 w - a +0 hunting sling of velocity
 x - a +0 club
 y - a +0 club
 A - a +0 club
 G - a +0 spear
 I - a +0 whip
 L - a +0 mace
 M - a +0 club
 N - a cursed +0 giant club
 P - a +0 club
 Q - a +0 flail
 S - a +0 flail
 T - a +0 spear
 V - a +0 club
 X - a +0 dagger
Missiles
 g - 7 tomahawks (quivered)
 m - 38 arrows
 s - 20 bolts
Armour
 b - a +0 scale mail
 c - a +0 shield (worn)
 e - a +0 scale mail
 k - a +0 ring mail
 r - a +0 ring mail
 F - a +1 hat (worn)
 H - a +0 helmet
 J - a +0 chain mail
 Y - a +0 robe (worn)
Jewellery
 o - a ring of magical power (left hand)
Wands
 R - a wand of flame (10/48)
Scrolls
 h - a scroll of recharging
 E - a scroll of remove curse
Potions
 d - 3 potions of might
 z - a potion of mutation {unknown}
 C - 4 potions of berserk rage
 D - 2 potions of agility {unknown}
 K - a potion of flight {unknown}
Comestibles
 f - 4 bread rations
 t - 6 fruits
 B - 2 meat rations
 U - a royal jelly
 W - 7 chunks of flesh


   Skills:
 + Level 4.3 Fighting
 + Level 4.5 Long Blades
 + Level 4.4 Armour
 + Level 1.2 Dodging
 + Level 0.8 Stealth
 + Level 4.4 Shields
 * Level 2.0 Spellcasting
 * Level 1.8 Ice Magic


You had 8 spell levels left.
You knew the following spells:

 Your Spells              Type           Power        Failure   Level  Hunger
a - Freeze                Ice            #...         52%         1    ##.....
b - Flame Tongue          Conj/Fire      #....        78%         1    ##.....


Dungeon Overview and Level Annotations

Branches:
Dungeon (4/15)
 Temple: D:4-7

Altars:
Vehumet

Annotations:
D:4 dengdeng's ghost, amateur GrCK


Message History

As you read the scroll labeled XIBBUEFFOE, it crumbles to dust.
You smell pepper.
It was a scroll of random uselessness.
You block dengdeng's ghost's attack.
As you read the scroll labeled YFIOJAESSY, it crumbles to dust.
The scroll dissolves into smoke.
It was a scroll of fog.
Dengdeng's ghost hits you.
* * * LOW HITPOINT WARNING * * *
Dengdeng's ghost hits you.
* * * LOW HITPOINT WARNING * * *
Dengdeng's ghost barely misses you.
As you read the scroll labeled GUXUXY JUN, it crumbles to dust.
You feel blessed for a moment.
It was a scroll of remove curse.
Dengdeng's ghost barely misses you.
As you read the scroll labeled CUIL NOEHAH, it crumbles to dust.
It is a scroll of amnesia.
Forget which spell ([?*] list [ESC] exit)?
Forget which spell ([?*] list [ESC] exit)?
Okay, then.
Dengdeng's ghost hits you.
You die...

########'########
#..........#
#..........#
#.§.§§.....# #
#§§§§......#
#.#.§§§......#
##.#.§§§......#######
#...W.#####÷...÷.....
#...@.# ###########
#.....# #.....###
#..... #..... .......
#...... #......


You could see dengdeng's ghost.

Vanquished Creatures
  Duvessa (D:4)
  A phantom (D:4)
  An ogre (D:2)
  Dowan (D:4)
  A hound (D:4)
  4 gnolls (D:3)
  5 adders
  2 oozes
  A worm (D:2)
  5 dart slugs
  2 leopard geckos
  3 orcs (D:3)
  2 giant cockroaches (D:1)
  6 hobgoblins
  3 jackals (D:4)
  4 kobolds
  A quokka (D:3)
  A ball python (D:1)
  A bat (D:1)
  2 frilled lizards
  4 goblins
  11 rats
62 creatures vanquished.

Notes
Turn   | Place    | Note
-------+----------+-------------------------------------------
     0 | D:1      | kyle53 the Hill Orc Fighter began the quest for the Orb.
     0 | D:1      | Reached XP level 1. HP: 19/19 MP: 1/1
   460 | D:1      | Reached XP level 2. HP: 26/27 MP: 2/2
   833 | D:1      | Reached XP level 3. HP: 30/33 MP: 3/3
  1278 | D:2      | Found a faded altar of an unknown god.
  1327 | D:2      | Became a worshipper of Vehumet
  1327 | D:2      | Reached * piety under Vehumet
  1327 | D:2      | Offered knowledge of Freeze by Vehumet.
  1387 | D:2      | Learned a level 1 spell: Freeze
  1744 | D:3      | Reached XP level 4. HP: 40/40 MP: 4/4
  1874 | D:3      | Noticed an ogre
  1901 | D:2      | Killed an ogre
  1901 | D:2      | Reached skill level 1 in Spellcasting
  1901 | D:2      | Reached XP level 5. HP: 15/46 MP: 6/6
  2563 | D:3      | Offered knowledge of Flame Tongue by Vehumet.
  2566 | D:3      | Learned a level 1 spell: Flame Tongue
  2590 | D:3      | Reached ** piety under Vehumet
  2630 | D:3      | Reached skill level 1 in Ice Magic
  2910 | D:4      | Noticed Duvessa
  2911 | D:4      | Noticed Dowan
  2941 | D:4      | Killed Duvessa
  2941 | D:4      | Reached XP level 6. HP: 34/52 MP: 8/8
  3293 | D:4      | Noticed a phantom
  3306 | D:4      | Killed a phantom
  3306 | D:4      | Reached skill level 1 in Dodging
  3357 | D:4      | Reached XP level 7. HP: 51/59 MP: 10/10
  3418 | D:4      | Killed Dowan
  3453 | D:4      | Noticed dengdeng's ghost (amateur GrCK)
  3499 | D:4      | HP: 2/60 [dengdeng's ghost (5)]
  3506 | D:4      | Slain by dengdeng's ghost

Skill      XL: |  1  2  3  4  5  6 |
---------------+-------------------+-----
Long Blades    | 3 4 |  4.5
Spellcasting   | 1 2 |  2.0
Armour         | 4 |  4.4
Fighting       | 4 |  4.3
Shields        | 4 |  4.4
Ice Magic      | 1 |  1.8
Dodging        | 1 |  1.2
Stealth        | |  0.8

Action                   |  1- 3 |  4- 6 |  7- 9 || total
-------------------------+-------+-------+-------++-------
Melee: Long sword        |    85 |   106 |    39 ||   230
  Use: Scroll            |     3 |       |     6 ||     9
  Eat: Chunk             |     3 |     4 |     1 ||     8
       Fruit             |       |     1 |       ||     1
Armor: Scale mail        |    42 |    52 |    13 ||   107
Dodge: Dodged            |    28 |    33 |    12 ||    73
Block: Shield            |    44 |    57 |    17 ||   118
       Rpst.: Long sword |    10 |     9 |     6 ||    25
